 Dungeon Crawl Stone Soup version 0.31-a0-164-g2312942fda (webtiles) character file.

Game seed: 2314496321353142952

188 qw the Shooter (level 5, -1/33 HPs)
             Began as a Gargoyle Hunter on June 13, 2023.
             Slain by a gnoll
             ... wielding a +0 halberd
              (7 damage)
             ... on level 4 of the Dungeon.
             The game lasted 00:00:56 (2535 turns).

qw the Shooter (Gargoyle Hunter)                    Turns: 2535, Time: 00:00:57

Health: -1/33      AC: 10    Str: 15    XL:     5   Next: 67%
Magic:  5/5        EV: 11    Int:  9    God:
Gold:   143        SH:  0    Dex: 15    Spells: 4/4 levels left

rFire   + . .        Y - +0 shortbow
rCold   + . .        (shield currently unavailable)
rNeg    + . .        g - +0 ring mail
rPois   inf          (no helmet)
rElec   +            a - scarf {rC+ rF+}
rCorr   .            h - +0 pair of gloves {infuse}
SInv    .            (no boots)
Will    +....        (no amulet)
Stlth   +            j - ring of willpower
HPRegen 0.25/turn    (no ring)
MPRegen 0.09/turn

%: infuse magic (1 MP)
@: about to teleport
A: sickness immunity, AC +4, negative energy resistance 1, electricity
resistance, torment resistance 1, petrification resistance
a: no special abilities


You were on level 4 of the Dungeon.
You visited 1 branch of the dungeon, and saw 4 of its levels.

You collected 143 gold pieces.


Innate Abilities, Weirdness & Mutations

You are immune to sickness and miasma.
Your stone body is resilient. (AC +4)
You are immune to poison.
You resist negative energy. (rN+)
You are resistant to electric shocks. (rElec)
You are resistant to unholy torment.
You are immune to petrification.


   Skills:
 + Level 3.6 Fighting
 - Level 6.0 Ranged Weapons
 - Level 1.2 Armour
 - Level 1.5 Dodging
 - Level 1.1 Stealth


You had 4 spell levels left.
You didn't know any spells.
Your spell library was empty.

Inventory:

Hand Weapons
 Y - a +0 shortbow (weapon)
Armour
 a - a scarf of resistance (worn)
 g - a +0 ring mail (worn)
 h - a +0 pair of gloves of infusion (worn)
Jewellery
 j - a ring of willpower (left hand)
Scrolls
 b - a scroll of identify
Potions
 d - a potion of degeneration {unknown}
 e - a potion of enlightenment {unknown}

Dungeon Overview and Level Annotations

Branches:
Dungeon (4/15)
 Temple: D:4-7

Altars:
Trog

Annotations:
D:4 Sigmund


Message History

The gnoll is moderately wounded.
The gnoll hits you but does no damage.
A gnoll comes into view. It is wielding a +0 whip.
The gnoll hits you from afar with a +0 halberd!
You shoot an arrow. The arrow barely misses the gnoll.
The gnoll shouts!
The arrow hits the gnoll.
The gnoll is moderately wounded.
You hear a shout!
The gnoll hits you from afar with a +0 halberd.
Sigmund the Dreaded comes into view.
He is wielding a +2 scythe of venom.
The gnoll barely misses you. The gnoll hits you but does no damage.
You shoot an arrow. The arrow hits the gnoll!
You kill the gnoll!
The gnoll hits you from afar with a +0 halberd.
Your Armour skill increases to level 1!
2529 ||| Stepping ~*~*~tactically~*~*~ (outnumbered).
You start resting.
A gnoll is nearby!
You shoot an arrow. The arrow hits the gnoll.
The gnoll is heavily wounded.
The gnoll hits you but does no damage.
You shoot an arrow. The arrow hits the giant cockroach!
You kill the giant cockroach!
The gnoll barely misses you.
You shoot an arrow.
The arrow hits the gnoll but does no damage.
The gnoll is heavily wounded.
The gnoll closely misses you.
You shoot an arrow.
The arrow hits Sigmund but does no damage.
Sigmund barely misses you.
The gnoll hits you from afar with a +0 halberd.
The gnoll hits you from afar with a +0 halberd!
2535 ||| READING scroll of teleportation.
As you read the scroll of teleportation, it crumbles to dust.
You feel strangely unstable. Sigmund barely misses you.
The gnoll hits you from afar with a +0 halberd!
You die...

#.<........
#.........
#..#.....
#......
#.....####
##........+
##....<...##
#........@g#
##...###@#)#
#### ####g.


Bg.. ..... @.... .... .#.. You could see Sigmund and a gnoll.

Vanquished Creatures
  6 gnolls
  5 adders
  2 worms (D:2)
  2 dart slugs
  An orc (D:3)
  3 ball pythons
  11 bats
  10 endoplasms
  3 giant cockroaches
  4 hobgoblins
  2 jackals (D:2)
  3 quokkas
  3 frilled lizards
  6 goblins
  6 kobolds
  7 rats
74 creatures vanquished.

Notes
Turn   | Place    | Note
-------+----------+-------------------------------------------
     0 | D:1      | qw the Gargoyle Hunter began the quest for the Orb.
     0 | D:1      | Reached XP level 1. HP: 12/12 MP: 1/1
     0 | D:1      | 0 ||| qw: Version: 0.2-a-29-gc1b59c4
     0 | D:1      | 0 ||| qw: Game counter: 4599
     0 | D:1      | 0 ||| qw: Always use a shield: true
     0 | D:1      | 0 ||| qw: God list: Okawaru
     0 | D:1      | 0 ||| qw: Allow faded altars: false
     0 | D:1      | 0 ||| qw: Do Orc after D:15 true
     0 | D:1      | 0 ||| qw: Do second Lair branch before Depths: true
     0 | D:1      | 0 ||| qw: Lair rune preference: random
     0 | D:1      | 0 ||| qw: Plans: Normal, Zot:1-4, Slime:5, God:TSO, Crypt,
                  | Tomb, Abyss, Pan, Hells, Win
     0 | D:1      | 0 ||| PLANNING D:1-11
    81 | D:1      | Reached XP level 2. HP: 17/17 MP: 2/2
   677 | D:1      | 677 ||| READING scroll labelled TUEWUG ZEFUVI.
   678 | D:1      | 678 ||| DROPPING scroll of butterflies.
   778 | D:2      | Reached XP level 3. HP: 21/21 MP: 3/3
   865 | D:2      | Reached skill level 5 in Ranged Weapons
  1060 | D:2      | Found a faded altar of an unknown god.
  1066 | D:2      | Reached skill level 3 in Fighting
  1073 | D:2      | Reached XP level 4. HP: 28/28 MP: 4/4
  1355 | D:2      | 1355 ||| READING scroll labelled WELYXA ESYENGU.
  1356 | D:2      | 1356 ||| READING 2 scrolls labelled ASUITS NORGHET.
  1357 | D:2      | 1357 ||| READING 2 scrolls labelled ILEORURETE.
  1625 | D:3      | Found a bloodstained altar of Trog.
  1629 | D:3      | Reached XP level 5. HP: 32/32 MP: 5/5
  1664 | D:3      | Reached skill level 6 in Ranged Weapons
  2324 | D:3      | 2324 ||| UPGRADING to scarf of resistance.
  2329 | D:3      | 2329 ||| UPGRADING to +0 ring mail.
  2339 | D:3      | 2339 ||| DROPPING +0 leather armour.
  2340 | D:3      | 2340 ||| UPGRADING to +0 pair of gloves of infusion.
  2345 | D:3      | 2345 ||| UPGRADING to ring of willpower.
  2346 | D:3      | 2346 ||| READING 2 scrolls labelled CIZASICSANYN.
  2447 | D:3      | 2447 ||| DROPPING scroll of silence.
  2527 | D:4      | Noticed Sigmund
  2529 | D:4      | Reached skill level 1 in Armour
  2529 | D:4      | 2529 ||| Stepping ~*~*~tactically~*~*~ (outnumbered).
  2534 | D:4      | HP: 5/33 [gnoll/+0 halberd (12)]
  2535 | D:4      | 2535 ||| READING scroll of teleportation.
  2535 | D:4      | Slain by a gnoll

Levels and vault maps discovered:
D:1:      roderic_chinese_lattice_arrival, layout_loops_ring
D:2:      layout_loops_ring, basic_ecumenical_altar, minmay_cut_off
D:3:      layout_basic, trog_butcher_becter, roderic_batcave,
          grunt_decor_mini_mirrors, minmay_door_square, serial_park_tiny_pond,
          grunt_decor_resistance
D:4:      layout_cave_pools, okawaru_trees_2, minmay_temple_entry_glassed_door,
          patterned_corridor, uniq_sigmund

Skill      XL: |  1  2  3  4  5 |
---------------+----------------+-----
Ranged Weapons | 5 6 |  6.0
Fighting       | 3 |  3.6
Armour         | 1 |  1.2
Dodging        | |  1.5
Stealth        | |  1.1

Action                     |  1- 3 |  4- 6 || total
---------------------------+-------+-------++-------
   Fire: Shortbow          |   101 |   129 ||   230
    Use: Scroll            |     1 |     5 ||     6
 Armour: Leather armour    |    15 |    28 ||    43
         Ring mail         |       |     3 ||     3
  Dodge: Dodged            |    32 |    39 ||    71

Table legend:
 A = Non-vault XP
 B = Vault XP
 C = Vault XP percentage of total XP
 D = Non-vault monster count
 E = Vault monster count
 F = Vault count percentage of total count
                 A         B        C        D         E       F
            +---------+---------+-------+---------+---------+-------
      Total |     240 |      29 |  10.8 |      58 |      16 |  21.6
            +---------+---------+-------+---------+---------+-------
        D:1 |      30 |       0 |   0.0 |      18 |       0 |   0.0
        D:2 |      58 |      10 |  14.7 |      17 |       4 |  19.0
        D:3 |     120 |      19 |  13.7 |      19 |      12 |  38.7
        D:4 |      32 |       0 |   0.0 |       4 |       0 |   0.0
            +---------+---------+-------+---------+---------+-------
